 Dungeon Sprint DCSS version 0.31-a0-949-g57150269e1 (webtiles) character file.

Game seed: 3032046910797247041

600000 dialectric the Trooper (level 1, -7/18 HPs)
             Began as a Formicid Chaos Knight on Oct 22, 2023.
             Was a Plaything of Xom.
             Mangled by a bag of meat
             ... wielding a +9 war axe
              (25 damage)
             ... in the Dungeon (Sprint VIII: "Arena of Blood").
             The game lasted 00:00:07 (6 turns).

dialectric the Trooper (Formicid Chaos Knight)         Turns: 6, Time: 00:00:08

Health: -7/18      AC:  5    Str: 16    XL:     1   Next: 0%
Magic:  1/1        EV: 11    Int: 11    God:    Xom [..*...]
Gold:   0          SH:  0    Dex: 13    Spells: 0/0 levels left

rFire   . . .        g - +∞ Axe of Woe
rCold   . . .        (no shield)
rNeg    . . .        b - +2 leather armour
rPois   .            (helmet unavailable)
rElec   .            (no cloak)
rCorr   .            (no gloves)
SInv    +            (no boots)
Will    .....        (no amulet)
Stlth   +            (no ring)
HPRegen 0.23/turn    (no ring)
MPRegen 0.07/turn

%: no passive effects
@: no status effects
A: permanent stasis, dig shafts and tunnels, antennae 3, four strong arms
a: Dig, Renounce Religion


You were in the Dungeon.
You worshipped Xom.
You were a toy of Xom.
You visited 1 branch

Inventory:

Hand Weapons
 a - a +0 hand axe of chaos
 g - the +∞ Axe of Woe (weapon)
   (You found it in the Dungeon)
Armour
 b - a +2 leather armour (worn)
Scrolls
 c - a scroll of butterflies
Potions
 d - a potion of curing
 e - a potion of heal wounds
 f - 2 potions of magic


   Skills:
 + Level 3.2 Fighting
 + Level 3.0 Axes
 + Level 2.1 Armour
 + Level 0.8 Dodging


You couldn't memorise any spells.
You didn't know any spells.
Your spell library was empty.

Dungeon Overview and Level Annotations

Branches:
Dungeon (1/1)

Altars:
Makhleb


Innate Abilities, Weirdness & Mutations

You cannot be hasted, slowed, berserked, paralysed or teleported.
You can dig through walls and to a lower floor.
You have a pair of large antennae on your head. (SInv)
Your four strong arms can wield two-handed weapons with a shield.


Message History

------------------------------------------------------------------------------ ------------------------------------------------------------------------------ -- -- -- The Arena Of Blood -- -- -- -- -- -- -- -- You descend into the pit of gibs and meat, -- -- The sunken abyss of the depraved, -- -- The mill of turgid gutspawn. -- -- The writhen instruments serve in adoration, -- -- Immured beneath a rotten throne. -- -- -- -- Before you lies the servitor of chaos, -- -- The cleaver, -- -- The blasphemer, -- -- The destroyer, -- -- The Axe of Woe. -- -- -- -- Vessel of Makhleb, -- -- You are the unmaker, -- -- You bring the rapture, -- -- The murmurs of the thralls rise... -- -- The theatre of blood begins. -- -- -- ------------------------------------------------------------------------------ ------------------------------------------------------------------------------ Welcome, dialectric the Formicid Chaos Knight. [Dungeon Sprint] Xom says: A new plaything!
Press ? for a list of commands and other information.
Found the +∞ Axe of Woe.
Found four burning altars of Makhleb.
Found a staircase leading out of the dungeon.
g - the +∞ Axe of Woe Unknown command.
g - the +∞ Axe of Woe (weapon)
Unknown command.
A bag of meat comes into view. It is wielding a +9 war axe. x2
The bag of meat shouts! x2
A bag of meat comes into view. It is wielding a +9 war axe.
Unknown command.
A bag of meat comes into view. It is wielding a +9 war axe.
The bag of meat shouts! x2; You hear a shout!
You hit the bag of meat.
You pulverise the bag of meat into a thin bloody mist.
You kill the bag of meat!
The bag of meat hits you with a +9 war axe!!
Ouch! That really hurt!
You die...
Xom giggles madly!

{ #... .# { #...
#... ..#{{
....###... ..###.
.........###......
.#........_......
.......#.....#
.......#_.<._#
.......#.....#.
#..o.)@.._......
.......o.###......
....###.... ..###.
... , #...o...#{ .
#.......# {
.........
.........
.........


You could see 3 bags of meat.

Vanquished Creatures
  An orc (D)
1 creature vanquished.

Notes
Turn   | Place    | Note
-------+----------+-------------------------------------------
     0 | D        | Found the +∞ Axe of Woe
     0 | D        | dialectric the Formicid Chaos Knight began the quest for
                  | the Orb.
     0 | D        | Reached XP level 1. HP: 18/18 MP: 1/1
     2 | D        | Noticed a bag of meat
     2 | D        | Noticed a bag of meat
     3 | D        | Noticed a bag of meat
     4 | D        | Noticed a bag of meat
     6 | D        | Killed a bag of meat
     6 | D        | Mangled by a bag of meat

Illustrated notes

Levels and vault maps discovered:
D:        meatsprint

Action                     || total
---------------------------++-------
  Melee: Executioner's axe ||     1
 Armour: Leather armour    ||     1

Table legend: (Time is in decaauts)
 A = Elapsed time spent in this place.
 B = Non-inter-level travel time spent in this place.
 C = Inter-level travel time spent in this place.
 D = Time resting spent in this place.
 E = Time spent auto-exploring this place.
 F = Levels seen in this place.
 G = Mean time per level.
                   A        B        C        D        E       F      G
               +--------+--------+--------+--------+--------+-----+--------+
         Total |      5 |      5 |      0 |      0 |      0 |   1 |    5.0 |
       Dungeon |      5 |      5 |      0 |      0 |      0 |   1 |    5.0 |
               +--------+--------+--------+--------+--------+-----+--------+

Top non-repeatable levels by time:
       D: 5 daAuts
